 Dungeon Crawl Stone Soup version 0.26-a0-1176-g060ceda6a5 (webtiles) character file.

Game seed: 7045270269800859449

67966 raph the Bludgeoner (level 14, -2/124 HPs)
             Began as a Minotaur Berserker on Dec 24, 2020.
             Was a High Priest of Trog.
             Killed by divine providence
             ... invoked by an orc high priest
              (12 damage)
             ... on level 1 of the Orcish Mines.
             The game lasted 00:55:51 (25949 turns).

raph the Bludgeoner (Minotaur Berserker)           Turns: 25949, Time: 00:55:52

Health: -2/124     AC:  1    Str: 28    XL:     14   Next: 84%
Magic:  0/13       EV: 16    Int:  4    God:    Trog [*****.]
Gold:   1631       SH: 14    Dex: 22    Spells: 13/13 levels left

rFire    + . .     SeeInvis .   a - +8 demon whip of the Elven Halls {flame, Dex+3}
rCold    . . .     Faith    .   G - +0 kite shield of the Serpent {Will+}
rNeg     . . .     Spirit   +   D - +2 chain mail {rPois}
rPois    +         Reflect  .   (helmet restricted)
rElec    .         Harm     .   (no cloak)
rCorr    .         Rampage  .   (no gloves)
Will     ++++.                  v - +2 pair of boots
Stlth    +.........             P - amulet "Yrhepoq" {Spirit +Blink Dex+4}
HPRegen  1.30/turn              J - ring of protection from fire
MPRegen  0.13/turn              i - +6 ring of strength

@: corroded, regenerating, studying Armour
A: retaliatory headbutt, horns 2
a: Renounce Religion, Evoke Blink, Berserk, Trog's Hand, Brothers in Arms


You were on level 1 of the Orcish Mines.
You worshipped Trog.
Trog was extremely pleased with you.
You visited 3 branches of the dungeon, and saw 19 of its levels.
You also visited: Sewer and Gauntlet.

You collected 1911 gold pieces.
You spent 280 gold pieces at shops.

Inventory:

Hand Weapons
 a - the +8 demon whip of the Elven Halls (weapon) {flame, Dex+3}
   (Trog gifted it to you on level 1 of the Orcish Mines)

   It has been specially enchanted to burn those struck by it, causing extra
   injury to most foes and up to half again as much damage against particularly
   susceptible opponents.
   It affects your dexterity (+3).
 b - the +5 hand crossbow of Sofeucat {freeze, rC+ rN+ Dex+4}
   (You bought it in a shop on level 6 of the Dungeon)

   It causes projectiles fired from it to freeze those they strike, causing
   extra injury to most foes and up to half again as much damage against
   particularly susceptible opponents.
   They can also slow down cold-blooded creatures.
   It affects your dexterity (+4).
   It protects you from cold.
   It protects you from negative energy.
 C - a +1 mace
 F - a +2 vorpal morningstar
 Q - a +5 morningstar of protection
 S - a +5 flail
 Y - a +3 morningstar
Missiles
 u - a throwing net
 y - 19 bolts
Armour
 v - a +2 pair of boots (worn)
 D - a +2 chain mail of poison resistance (worn)
 G - the +0 kite shield of the Serpent (worn) {Will+}
   (You found it on level 8 of the Dungeon)

   It affects your willpower, your defense against some magical effects.
Jewellery
 e - an uncursed ring of positive energy
 f - an uncursed ring of stealth
 i - a +6 ring of strength (right hand)
 s - an uncursed amulet of the acrobat
 t - an uncursed ring of flight
 H - an uncursed ring of resist corrosion
 J - a ring of protection from fire (left hand)
 N - an uncursed amulet of regeneration
 P - the amulet "Yrhepoq" (around neck) {Spirit +Blink Dex+4}
   (You found it in a Gauntlet)

   [amulet of guardian spirit]

   It causes incoming damage to be split between your health and magic.
   It affects your dexterity (+4).
   It lets you blink.
 V - an uncursed ring of ice
Wands
 n - a wand of random effects (23)
 o - a wand of flame (29)
 B - a wand of iceblast (33)
 E - a wand of acid (32)
 K - a wand of disintegration (8)
 T - a wand of paralysis (4)
 Z - a wand of digging (3)
Scrolls
 g - 8 scrolls of teleportation
 h - 4 scrolls of magic mapping
 j - a scroll of enchant weapon
 l - 5 scrolls of remove curse
 M - a scroll of fog
 W - a scroll of identify
 X - 2 scrolls of enchant armour
Potions
 c - 10 potions of curing
 d - 3 potions of might
 k - 4 potions of haste
 m - 2 potions of flight
 p - a potion of invisibility
 q - 3 potions of attraction
 r - 5 potions of ambrosia
 x - 3 potions of resistance
 I - 3 potions of cancellation
Books
 w - a manual of Armour
Miscellaneous
 z - a phantom mirror (inert)


   Skills:
 - Level 11.0 Fighting
 - Level 16.0 Maces & Flails
 + Level 8.0 Crossbows
 - Level 10.7 Armour
 - Level 9.9 Dodging
 - Level 8.0 Stealth
 * Level 11.8 Shields
 - Level 8.0 Evocations


You had 13 spell levels left.
You didn't know any spells.
Your spell library was empty.

Dungeon Overview and Level Annotations

Branches:
Dungeon (12/15)            Temple (0/1) D:4            Lair (5/6) D:10
 Shoals (0/4) Lair:4        Snake (0/4) Lair:3        Slime (0/5) Lair:5
    Orc (2/2) D:12            Elf (0/3) Orc:2         Sewer (visited)
Gauntlet (visited)

Altars:
Kikubaaqudgha
Sif Muna
Trog
Beogh

Shops:
D:6 (   D:9 *   Orc:2 [(

Annotations:
Lair:2 3 runed translucent doors, Ydauvaq's ghost, journeyman TrGl


Innate Abilities, Weirdness & Mutations

You reflexively headbutt those who attack you in melee.
You have a pair of horns on your head.


Message History

Okay, then.
You hit the orc high priest. You burn the orc high priest.
The orc high priest is moderately wounded.
You block the sun demon's attack.
The orc high priest prays to Beogh.
You block the rust devil's attack.
The orc priest hits you but does no damage.
Your skin crawls.
You feel strong-willed.
The sun demon disappears in a puff of smoke!
You block the orc high priest's attack. The rust devil hits you!
* * * LOW HITPOINT WARNING * * *
The rust devil corrodes you! You block the orc priest's attack.
Unknown command.
Blink to where?
Press: ? - help, Dir - move target
As you read the scroll of blinking, it crumbles to dust.
The orc high priest calls down the wrath of Beogh upon you.
Beogh smites you!
You die...

#.... ##.#. ###.
#. ## ## #.# ##
###..####.#
##.^...##..###
#.....@()....###
##.....))......#.
#..##...)ยง43.....
#.........4o....#
#........o.....##
#.#....#.....## #
#..####..### ###
##.# ##


You could see an orc high priest, 2 rust devils, a neqoxec (summoned) and an orc
priest.

Vanquished Creatures
  An orc warlord (Orc:1)
  A minotaur (Gauntlet)
  Snorg (D:10)
  2 ogre magi
  Fannar (Lair:2)
  8 hydras
  A centaur warrior (D:10)
  7 two-headed ogres
  The ghost of MoonlitKnight the Spear-Bearer, a novice MfGl of Qazlal (D:8)
  A vampire mage (D:11)
  A deep elf knight (D:10)
  Nergalle (Lair:2)
  A deep troll (Orc:2)
  An unseen horror (D:12)
  A deep elf archer (D:10)
  5 deep elf magi
  The ghost of emiel the Poker, a novice MiWn (D:6)
  2 orc knights
  A harpy (D:8)
  An ugly thing (D:11)
  A manticore (D:11)
  A cyclops (D:10)
  5 orc sorcerers
  5 elephants (Lair:5)
  3 merfolk sirens (Lair:4)
  2 black mambas
  4 naga magi (D:11)
  3 torpor snails
  13 cane toads
  A centaur skeleton (D:12)
  A gargoyle (D:12)
  Maggie (Lair:1)
  3 rime drakes
  A minotaur zombie (Gauntlet)
  12 komodo dragons
  3 hornets
  A merfolk (Lair:4)
  12 trolls
  A queen bee (D:6)
  8 blink frogs (Lair:5)
  A polar bear (Lair:4)
  A slime creature (D:12)
  Sigmund (D:6)
  37 yaks
  3 basilisks
  7 wyverns
  2 acid dragons
  2 wargs (D:12)
  Edmund (D:4)
  A soldier ant (D:10)
  6 water moccasins
  2 black bears
  2 ice beasts
  6 phantoms
  Purgy (Sewer)
  21 orc warriors
  4 necrophages
  22 ogres
  5 sky beasts
  5 wolves (Lair:3)
  4 centaurs
  Blork the orc (D:4)
  5 big kobolds
  2 gnoll sergeants (D:12)
  A wyvern zombie (D:8)
  19 bullfrogs
  4 scorpions
  A wyvern skeleton (D:10)
  11 killer bees
  3 wights (D:8)
  10 howler monkeys
  3 electric eels
  2 quasits
  A centaur zombie (D:8)
  8 hounds
  14 jellies
  9 orc priests
  23 orc wizards
  A bullfrog skeleton (D:12)
  3 iguanas
  Natasha (thrice) (D:2)
  12 worker ants
  3 hound zombies
  A hound skeleton (D:11)
  3 howler monkey zombies
  A worker ant zombie (D:10)
  15 adders
  9 gnolls
  A river rat (D:3)
  3 shadow imps
  5 white imps
  3 ufetubi
  2 oozes (Lair:5)
  An adder zombie (D:5)
  An adder skeleton (D:6)
  3 worms
  A leopard gecko (D:2)
  86 orcs
  6 bats
  9 giant cockroaches
  9 goblins
  4 hobgoblins
  2 jackals (D:7)
  27 kobolds
  4 quokkas
  3 ball pythons
  8 frilled lizards
  A giant cockroach zombie (D:5)
  A leopard gecko zombie (D:5)
  2 quokka skeletons
  A quokka zombie (D:10)
  2 rats (D:1)
607 creatures vanquished.

Vanquished Creatures (collateral kills)
  A boulder beetle (D:11)
  3 two-headed ogres (Orc:2)
  A deep troll (Orc:2)
  A cyclops (Orc:2)
  A troll (Orc:2)
  3 ogres (Orc:2)
  A centaur (D:11)
  An orc priest (D:11)
  An orc wizard (D:11)
  An iguana (D:11)
14 creatures vanquished.

Vanquished Creatures (others)
  An orc (Orc:1)
  9 fungi
  18 plants
28 creatures vanquished.

Grand Total: 649 creatures vanquished

Notes
Turn   | Place    | Note
-------+----------+-------------------------------------------
     0 | D:1      | raph the Minotaur Berserker began the quest for the Orb.
     0 | D:1      | Reached XP level 1. HP: 19/19 MP: 0/0
   162 | D:1      | Reached skill level 4 in Maces & Flails
   230 | D:1      | Reached XP level 2. HP: 26/26 MP: 1/1
  1051 | D:2      | Reached skill level 5 in Maces & Flails
  1053 | D:2      | Reached XP level 3. HP: 31/31 MP: 2/2
  1144 | D:2      | Noticed Natasha
  1151 | D:2      | Killed Natasha
  1328 | D:2      | Reached ** piety under Trog
  1575 | D:2      | Reached skill level 6 in Maces & Flails
  1575 | D:2      | Reached XP level 4. HP: 39/39 MP: 3/3
  1741 | D:2      | Noticed Natasha
  1746 | D:2      | Killed Natasha
  1912 | D:2      | Noticed Natasha
  1920 | D:2      | Killed Natasha
  2196 | D:3      | Reached skill level 7 in Maces & Flails
  2196 | D:3      | Reached XP level 5. HP: 45/45 MP: 4/4
  2201 | D:3      | Found a glowing drain.
  2259 | Sewer    | Entered a sewer
  2262 | Sewer    | Noticed Purgy
  2270 | Sewer    | Killed Purgy
  2271 | Sewer    | Reached skill level 8 in Maces & Flails
  2492 | D:3      | Reached XP level 6. HP: 48/51 MP: 5/5
  2792 | D:4      | Reached *** piety under Trog
  2976 | D:4      | Found a staircase to the Ecumenical Temple.
  3010 | D:4      | Noticed Blork the orc
  3027 | D:4      | HP: 2/51 [worker ant (4)]
  3393 | D:4      | Noticed Edmund
  3415 | D:4      | Killed Edmund
  3416 | D:4      | Reached skill level 9 in Maces & Flails
  3539 | D:4      | Killed Blork the orc
  3540 | D:4      | Reached XP level 7. HP: 53/57 MP: 6/6
  3741 | D:4      | Reached skill level 10 in Maces & Flails
  4052 | D:5      | Entered Level 5 of the Dungeon
  4529 | D:5      | Reached skill level 11 in Maces & Flails
  4791 | D:5      | Reached XP level 8. HP: 56/64 MP: 7/7
  5043 | D:6      | Found Qihoufec's Antique Weapon Shop.
  5096 | D:6      | Reached skill level 12 in Maces & Flails
  5367 | D:6      | Noticed a queen bee
  5368 | D:6      | Found a transporter.
  5372 | D:6      | Found a transporter.
  5382 | D:6      | Noticed emiel's ghost (novice MiWn)
  5456 | D:6      | Noticed Sigmund
  5460 | D:6      | Killed Sigmund
  5509 | D:6      | Reached skill level 13 in Maces & Flails
  6083 | D:7      | Reached **** piety under Trog
  6100 | D:7      | Reached XP level 9. HP: 63/70 MP: 8/8
  6216 | D:7      | Got a crystal hand axe
  6217 | D:7      | Identified the cursed +3 hand axe of Kismet {freeze, Str-3
                  | Int+3 Dex+3} (You found it on level 7 of the Dungeon)
  6247 | D:7      | Found an ancient bone altar of Kikubaaqudgha.
  6270 | D:7      | Reached skill level 14 in Maces & Flails
  6718 | D:8      | Reached skill level 1 in Stealth
  6726 | D:8      | Reached skill level 1 in Evocations
  7378 | D:8      | Got a polished kite shield
  7384 | D:8      | Identified the cursed +0 kite shield of the Serpent {Will+}
                  | (You found it on level 8 of the Dungeon)
  7465 | D:8      | Found a transporter.
  7465 | D:8      | Noticed MoonlitKnight's ghost (novice MfGl)
  7467 | D:8      | Noticed a harpy
  7469 | D:8      | Found a transporter.
  7581 | D:6      | Bought a polished hand crossbow for 280 gold pieces
  7581 | D:6      | Identified the +5 hand crossbow of Sofeucat {freeze, rC+
                  | rN+ Dex+4} (You bought it in a shop on level 6 of the
                  | Dungeon)
  7924 | D:8      | Reached skill level 5 in Fighting
  8192 | D:9      | Found Ygiteg's Assorted Antiques.
  8367 | D:9      | Got a warped chain mail
  8378 | D:9      | Identified the cursed +1 chain mail "Ymaegeh" {+Fly} (You
                  | found it on level 9 of the Dungeon)
  8898 | D:9      | Reached XP level 10. HP: 82/82 MP: 9/9
  9046 | D:10     | Entered Level 10 of the Dungeon
  9077 | D:10     | Reached skill level 5 in Armour
  9316 | D:10     | Paralysed by a hornet for 1 turns
  9329 | D:10     | Reached skill level 5 in Dodging
  9343 | D:10     | Noticed Snorg
  9746 | D:10     | Noticed a deep elf knight
  9753 | D:10     | Noticed a centaur warrior
  9765 | D:10     | Killed a deep elf knight
  9774 | D:10     | Killed a centaur warrior
 10029 | D:10     | Noticed a cyclops
 10037 | D:10     | Killed a cyclops
 10365 | D:10     | Noticed a deep elf archer
 10683 | D:10     | Killed a deep elf archer
 10684 | D:10     | Reached XP level 11. HP: 83/92 MP: 10/10
 10871 | D:10     | Found a staircase to the Lair.
 10894 | D:10     | Killed Snorg
 10895 | D:10     | Reached skill level 5 in Stealth
 10895 | D:10     | Reached skill level 5 in Evocations
 11262 | Lair:1   | Entered Level 1 of the Lair of Beasts
 11272 | Lair:1   | Noticed a four-headed hydra
 11282 | Lair:1   | Killed a four-headed hydra
 11395 | Lair:1   | Noticed a seven-headed hydra
 11405 | Lair:1   | Killed a seven-headed hydra
 12175 | Lair:1   | Noticed Maggie
 12184 | Lair:1   | Killed Maggie
 12686 | Lair:2   | Found a runed translucent gate.
 12686 | Lair:2   | Found a runed translucent gate.
 12686 | Lair:2   | Found a runed translucent gate.
 12687 | Lair:2   | Noticed a 12-headed hydra
 12688 | Lair:2   | Noticed a 12-headed hydra
 12688 | Lair:2   | Noticed Ydauvaq's ghost (journeyman TrGl)
 12737 | Lair:2   | Found a gate leading to a gauntlet.
 12747 | Gauntlet | Entered a Gauntlet
 12747 | Gauntlet | Found a transporter.
 12757 | Gauntlet | Found a transporter.
 12765 | Gauntlet | Found a transporter.
 12767 | Gauntlet | Found a transporter.
 12775 | Gauntlet | Noticed an obsidian statue
 12778 | Gauntlet | Found a transporter.
 12789 | Gauntlet | Noticed a red ugly thing
 12792 | Gauntlet | Found a transporter.
 12802 | Gauntlet | Found a transporter.
 12808 | Gauntlet | Noticed a hell beast
 12810 | Gauntlet | Noticed a four-headed hydra
 12811 | Gauntlet | Found a runed translucent door.
 12812 | Gauntlet | Found a transporter.
 12813 | Gauntlet | Found a runed translucent door.
 12816 | Gauntlet | Found a transporter.
 12840 | Gauntlet | Found a transporter.
 12840 | Gauntlet | Found a transporter.
 12894 | Gauntlet | Noticed a great orb of eyes
 12896 | Gauntlet | Found a transporter.
 12897 | Gauntlet | Found a transporter.
 12898 | Gauntlet | Noticed an oklob plant
 12911 | Gauntlet | Found a transporter.
 13445 | Gauntlet | Killed a four-headed hydra
 13450 | Gauntlet | Got a scintillating garnet amulet
 13498 | Gauntlet | Identified the amulet "Yrhepoq" {Spirit +Blink Dex+4} (You
                  | found it in a Gauntlet)
 13510 | Gauntlet | Noticed a minotaur
 13528 | Gauntlet | Killed a minotaur
 13680 | Lair:2   | Noticed Nergalle
 13686 | Lair:2   | Killed Nergalle
 13724 | Lair:2   | Reached XP level 12. HP: 76/104 MP: 8/11
 14909 | Lair:2   | Noticed Fannar
 14922 | Lair:2   | Killed Fannar
 15284 | Lair:3   | Reached skill level 10 in Fighting
 15333 | Lair:3   | Noticed a four-headed hydra
 15340 | Lair:3   | Killed a four-headed hydra
 15454 | Lair:3   | Found a staircase to the Snake Pit.
 15472 | Lair:3   | Reached ***** piety under Trog
 15710 | Lair:3   | Reached skill level 10 in Armour
 15893 | Lair:3   | Noticed a five-headed hydra
 15902 | Lair:3   | Killed a five-headed hydra
 16989 | Lair:4   | Noticed an eight-headed hydra
 16997 | Lair:4   | Killed an eight-headed hydra
 17491 | Lair:4   | Received a gift from Trog
 17500 | Lair:4   | Reached XP level 13. HP: 114/114 MP: 9/12
 18056 | Lair:4   | Reached skill level 1 in Crossbows
 18143 | Lair:4   | Found a staircase to the Shoals.
 18638 | Lair:5   | Reached skill level 1 in Shields
 19016 | Lair:5   | Reached skill level 5 in Shields
 19247 | Lair:5   | Found a staircase to the Slime Pits.
 20033 | D:6      | Killed emiel's ghost
 20210 | D:8      | Killed MoonlitKnight's ghost
 20211 | D:8      | Reached skill level 5 in Crossbows
 20646 | D:11     | Received a gift from Trog
 21566 | D:11     | Reached XP level 14. HP: 46/124 MP: 6/13
 21935 | D:11     | Identified the Tome of Bewitchment
 21956 | D:11     | Found a shimmering blue altar of Sif Muna.
 22174 | D:12     | Identified the +7 quick blade "Tiog" {drain, rC+}
 22901 | D:12     | Identified a scroll of acquirement
 22901 | D:12     | Acquired a manual of Armour
 23464 | D:12     | Found a staircase to the Orcish Mines.
 23528 | D:12     | Reached skill level 10 in Shields
 23736 | Orc:1    | Entered Level 1 of the Orcish Mines
 23759 | Orc:1    | Reached skill level 15 in Maces & Flails
 24240 | Orc:1    | Found a bloodstained altar of Trog.
 24435 | Orc:2    | Entered Level 2 of the Orcish Mines
 24435 | Orc:2    | Found a roughly hewn altar of Beogh.
 24435 | Orc:2    | Noticed an orc warlord
 24443 | Orc:1    | Received a gift from Trog
 24791 | Orc:1    | Got a twisted demon whip {god gift}
 24792 | Orc:1    | Identified the +8 demon whip of the Elven Halls {flame,
                  | Dex+3} (Trog gifted it to you on level 1 of the Orcish
                  | Mines)
 24809 | Orc:1    | Killed an orc warlord
 25265 | Orc:2    | Found a staircase to the Elven Halls.
 25445 | Orc:2    | Found Xiosuaze's Weapon Shop.
 25445 | Orc:2    | Found Byam's Antique Armour Boutique.
 25490 | Orc:2    | HP: 6/124 [ogre mage/bolt of lightning (35)]
 25516 | Orc:2    | Reached skill level 16 in Maces & Flails
 25922 | Orc:1    | Received a gift from Trog
 25949 | Orc:1    | Killed from afar by an orc high priest

Illustrated notes

Levels and vault maps discovered:
D:1:      dpeg_arrival_brainrot, layout_loops_corners
D:2:      layout_basic, serial_forest, infiniplex_forest_end_2,
          infiniplex_forest_corner_2, infiniplex_forest_clump_large,
          infiniplex_forest_lined_4_way, infiniplex_forest_clump_double,
          infiniplex_forest_straight_2, uniq_natasha
D:3:      layout_rooms, portal_sewer_entry_b
D:4:      layout_loops_ring, temple_pool_b, uniq_edmund, uniq_blork_the_orc
D:5:      layout_basic
D:6:      layout_gridville, serial_shops, nicolae_shop_statue_plus,
          gammafunk_ghost_hive, uniq_sigmund
D:7:      layout_basic, overflow_temple_1_default
D:8:      layout_loops_ring, gammafunk_ghost_arena
D:9:      layout_grid_maze, serial_shops, shop
D:10:     hangedman_cross_veins, layout_loops_ring, uniq_snorg
D:11:     evilmike_library_of_no_secrets, layout_rooms
D:12:     layout_rooms, kennysheep_orc_monster_closet_entryway,
          nrook_pool_corridor
Lair:1:   layout_regular_city, uniq_maggie
Lair:2:   layout_loops_ring, gauntlet_entry_generic, gammafunk_ghost_hydra_chop,
          beast_lair_carwin_4, uniq_fannar, uniq_nergalle
Lair:3:   layout_layer_cave, guppyfry_snake_entry_island
Lair:4:   layout_hall_layers, elwin_shoals_entry_stream
Lair:5:   layout_cave_shapes, minmay_slime_entry_jelly_boxes,
          infiniplex_staircase_pool
Orc:1:    layout_diamond_mine, trog_hazing_becter
Orc:2:    st_orc_open, layout_caves, mines2_david

Skill      XL: |  1  2  3  4  5  6  7  8  9 10 11 12 13 14 |
---------------+-------------------------------------------+-----
Maces & Flails | 4 5 6 7 8 9 11 13 14 16 | 16.0
Fighting       | 5 7 9 10 11 | 11.0
Stealth        | 3 4 6 7 8 |  8.0
Armour         | 4 6 8 10 | 10.7
Evocations     | 3 4 6 7 8 |  8.0
Dodging        | 4 6 8 9 |  9.9
Crossbows      | 5 8 |  8.0
Shields        | 8 11 | 11.8

Action                   |  1- 3 |  4- 6 |  7- 9 | 10-12 | 13-15 || total
-------------------------+-------+-------+-------+-------+-------++-------
Melee: Mace              |    35 |   115 |       |       |       ||   150
       Headbutt          |     4 |    21 |    63 |   149 |   191 ||   428
       Flail             |       |    11 |   352 |   107 |       ||   470
       Morningstar       |       |       |       |   383 |   544 ||   927
       Demon whip        |       |       |       |       |    97 ||    97
 Fire: Hand crossbow     |       |       |       |     9 |   110 ||   119
Invok: Berserk           |     3 |     8 |     8 |    18 |    10 ||    47
       Trog's Hand       |       |       |     1 |     5 |     9 ||    15
       Brothers in Arms  |       |       |       |     1 |     4 ||     5
 Abil: Evoke Blink       |       |       |       |       |     3 ||     3
Evoke: Wand              |       |     2 |       |       |     4 ||     6
       Phantom mirror    |       |       |       |       |     1 ||     1
  Use: Scroll            |       |     8 |    16 |     9 |     9 ||    42
       Potion            |       |     2 |       |     2 |     5 ||     9
Armor: Animal skin       |     6 |       |       |       |       ||     6
       Ring mail         |     2 |       |       |       |       ||     2
       Chain mail        |     2 |    55 |   156 |   173 |   221 ||   607
Dodge: Dodged            |    27 |    47 |   117 |   172 |   397 ||   760
Block: Kite shield       |       |       |    14 |   191 |   492 ||   697

Table legend: (Time is in decaauts)
 A = Elapsed time spent in this place.
 B = Non-inter-level travel time spent in this place.
 C = Inter-level travel time spent in this place.
 D = Time resting spent in this place.
 E = Time spent auto-exploring this place.
 F = Levels seen in this place.
 G = Mean time per level.
                   A        B        C        D        E       F      G
               +--------+--------+--------+--------+--------+-----+--------+
         Total |  26190 |  24745 |   1445 |   9374 |  11306 |  21 | 1247.1 |
       Dungeon |  15115 |  14034 |   1081 |   5316 |   6236 |  12 | 1259.6 |
          Lair |   7785 |   7441 |    344 |   2437 |   4150 |   5 | 1557.0 |
  Orcish Mines |   2174 |   2155 |     19 |   1041 |    644 |   2 | 1087.0 |
         Sewer |    186 |    186 |      0 |     54 |     80 |   1 |  186.0 |
      Gauntlet |    928 |    928 |      0 |    523 |    196 |   1 |  928.0 |
               +--------+--------+--------+--------+--------+-----+--------+

Top non-repeatable levels by time:
    D:10: 2219 daAuts
    D:11: 1912 daAuts
  Lair:2: 1887 daAuts
  Lair:3: 1765 daAuts
  Lair:4: 1595 daAuts
   Orc:1: 1573 daAuts
     D:9: 1479 daAuts
     D:4: 1358 daAuts
  Lair:1: 1293 daAuts
     D:2: 1281 daAuts
  Lair:5: 1244 daAuts
     D:8: 1190 daAuts
    D:12: 1117 daAuts
     D:6: 1062 daAuts
     D:5: 1018 daAuts
